Map: Dusk Towers

Players

Miltreta

  • Race: Terran Terran

A.I. 1 (Hard) - Winner!

  • Race: Zerg Zerg

VOD

Have the link to the VOD?

Description

Time

  • Played on: March 3, 2016, 4:58 a.m.
  • Length: 17:40
Show
View Real Time Build Order
Export as new Build Order

Miltreta Terran 

Build Orders: MMM Bio 

Get SALT Encoding   

  12  0:02  SCV  
  14  0:14  SCV  
  14  0:24  Supply Depot  
  14  0:26  SCV  
  15  0:46  SCV  
  16  0:50  Supply Depot  
  16  0:52  Barracks  
  16  0:58  SCV  
  17  1:10  SCV  
  18  1:13  Barracks  
  18  1:16  Refinery  
  18  1:26  Engineering Bay  
  18  1:43  Bunker  
  18  1:50  Refinery  
  18  1:51  SCV  
  19  1:55  Marine  
  20  2:03  SCV  
  21  2:13  Marine  
  21  2:15  SCV  
  23  2:26  Barracks Tech Lab  
  23  2:31  Marine  
  23  2:35  SCV  
  25  2:49  Marine  
  26  2:55  Factory  
  26  3:07  Marine  
  27  3:15  Command Center  
  27  3:16  Orbital Command  
  27  3:22  Marauder  
  30  3:32  Barracks Reactor  
  29  3:34  Concussive Shells  
  29  3:43  Hellion  
  31  3:54  Marauder  
  33  4:00  Supply Depot  
  33  4:04  Hellion  
  35  4:26  Hellion  
  35  4:30  Armory  
  37  4:39  Factory  
  37  4:48  Marauder  
  37  4:51  Combat Shields  
  39  4:55  Marine  
  39  4:56  Marine  
  41  5:10  Marauder  
  41  5:13  Marine x2  
  45  5:15  SCV  
  46  5:27  SCV  
  45  5:39  SCV  
  46  5:51  SCV  
  47  6:03  SCV  
  48  6:11  Stimpack  
  37  7:51  Missile Turret  
  31  7:59  Refinery  
  31  8:01  Refinery  
  31  8:04  Factory Reactor  
  31  8:05  Factory Tech Lab  
  31  8:12  Reaper x2  
  33  8:15  Marauder  
  35  8:22  Terran Infantry Weapons Level 1  
  35  8:27  Terran Vehicle Weapons Level 1  
  35  8:35  Starport  
  35  8:37  Marauder  
  35  8:38  Planetary Fortress  
  37  8:58  Marauder  
  39  9:20  Marauder  
  37  9:41  Marauder  
  39  9:47  Reaper x2  
  39  9:51  Hellion  
  39  9:52  Hellion  
  45  9:58  Siege Tank  
  48  10:05  Medivac  
  50  10:13  Hellion x2  
  54  10:16  Terran Infantry Armor Level 1  
  54  10:19  Marine x2  
  54  10:20  Ghost Academy  
  56  10:30  Sensor Tower, Siege Tank  
  56  10:34  Hellion x2  
  63  10:36  Marine  
  63  10:37  Marine, Bunker  
  65  10:43  Terran Vehicle And Ship Armor Level 1  
  65  10:54  Marine x2  
  65  10:56  Hellion x2  
  71  11:03  Siege Tank  
  74  11:45  Supply Depot  
  74  11:49  Supply Depot  
  74  12:06  Thor  
  58  12:37  Terran Ship Weapons Level 1  
  43  13:00  Missile Turret  
  43  13:02  Marine x2  
  43  13:05  Ghost  
  47  13:12  Thor  
  53  13:20  Marine x2  
  55  13:33  Ghost  
  57  13:37  Missile Turret  
  57  13:38  Marine x2  
  59  13:51  Fusion Core  
  59  13:55  Marine  
  59  13:56  Marine  
  59  14:00  Personal Cloaking  
  61  14:21  Starport Tech Lab  
  61  15:01  Command Center  
  61  15:11  Weapon Refit  
  63  15:21  Marauder  
  64  15:28  Reaper x2  
  65  15:37  Cyclone  
  70  15:42  Marauder  
  74  16:00  Marine x2  
  78  16:04  Marauder  
  78  16:05  Hellion x2  
  78  16:07  Nuke  
  78  16:10  Cyclone  
  81  16:18  Marine x2  
  82  16:25  Marauder  
  85  16:26  Hellion x2  
  89  16:36  Marine x2  
  86  16:42  Cyclone  
  86  16:47  Marauder, Hellion  
  84  16:48  Hellion  
  38  17:09  Hellion  
Show
View Real Time Build Order
Export as new Build Order

A.I. 1 (Hard) Zerg - Winner!

Build Orders: Pool First 

Get SALT Encoding   

  12  0:01  Drone  
  13  0:12  Overlord  
  13  0:17  Drone  
  14  0:30  Drone  
  14  0:32  Drone  
  16  0:42  Spawning Pool  
  15  0:44  Drone  
  15  0:48  Drone  
  17  0:52  Extractor  
  17  0:55  Drone  
  17  1:06  Overlord  
  17  1:30  Queen  
  17  1:31  Zergling x2  
  20  1:37  Zergling x2, Roach Warren  
  20  1:38  Drone  
  21  1:42  Extractor  
  20  1:49  Drone  
  21  1:59  Drone  
  22  2:17  Roach  
  22  2:22  Overlord  
  24  2:32  Roach  
  26  2:37  Roach  
  26  2:40  Drone  
  26  2:43  Roach  
  26  2:44  Overlord  
  31  2:54  Drone  
  34  3:05  Roach  
  34  3:09  Overlord  
  34  3:11  Roach  
  37  3:12  Drone  
  37  3:18  Drone  
  38  3:28  Baneling Nest, Drone  
  38  3:38  Evolution Chamber  
  38  3:40  Roach, Drone  
  40  3:42  Drone  
  40  3:43  Drone  
  42  3:51  Drone  
  43  4:02  Drone  
  44  4:13  Roach  
  46  4:52  Overlord, Zerg Melee Weapons Level 1, Lair  
  46  4:54  Evolution Chamber  
  46  4:56  Drone  
  46  5:12  Hatchery  
  45  5:19  Zerg Ground Armor Level 1  
  45  5:23  Drone  
  45  5:36  Zergling x2  
  41  5:46  Roach  
  41  5:49  Burrow  
  31  5:54  Hydralisk Den  
  31  5:55  Roach, Drone  
  33  6:04  Roach, Overseer  
  33  6:10  Spore Crawler, Drone  
  35  6:14  Roach  
  35  6:15  Overseer  
  35  6:18  Spore Crawler  
  36  6:22  Hydralisk  
  36  6:24  Drone  
  39  6:27  Spore Crawler, Drone  
  39  6:32  Hydralisk, Drone  
  37  6:41  Zergling x2  
  37  6:46  Zerg Missile Weapons Level 1  
  34  6:47  Drone  
  34  6:50  Drone  
  34  6:51  Roach  
  34  6:52  Drone  
  37  6:54  Drone  
  37  6:56  Queen  
  37  6:59  Drone  
  37  7:00  Roach  
  41  7:01  Drone  
  39  7:09  Zergling x2  
  39  7:10  Roach  
  39  7:11  Drone  
  39  7:15  Overlord  
  41  7:18  Hydralisk  
  43  7:33  Roach, Drone  
  41  7:40  Drone  
  41  7:41  Hydralisk Den  
  41  7:42  Zergling x2  
  41  7:44  Overlord  
  42  7:50  Drone  
  43  7:55  Drone  
  43  7:58  Overseer  
  44  8:01  Drone  
  44  8:03  Ravager  
  44  8:04  Roach, Overlord, Drone  
  44  8:05  Extractor  
  48  8:06  Drone  
  48  8:12  Drone  
  50  8:18  Roach  
  52  8:22  Drone  
  52  8:24  Spawning Pool  
  52  8:28  Drone  
  52  8:33  Drone  
  54  8:34  Overlord, Hydralisk  
  56  8:45  Roach  
  58  8:54  Extractor  
  58  8:55  Hatchery  
  56  8:56  Roach  
  56  8:59  Infestation Pit  
  57  9:06  Hydralisk  
  59  9:15  Spine Crawler  
  59  9:17  Roach, Spore Crawler, Hydralisk  
  58  9:20  Spine Crawler  
  57  9:31  Spire  
  57  9:35  Hive, Infestor  
  49  9:47  Zergling x2  
  50  10:06  Pneumatized Carapace  
  50  10:18  Extractor, Overseer  
  49  10:21  Extractor  
  48  10:33  Drone  
  48  10:35  Drone  
  50  10:38  Drone  
  50  10:40  Drone  
  52  10:43  Drone  
  52  10:44  Corruptor  
  52  10:45  Drone  
  52  10:47  Greater Spire  
  52  10:49  Drone  
  57  10:50  Drone  
  57  10:54  Drone  
  57  10:55  Drone  
  57  10:56  Corruptor  
  62  10:59  Drone  
  62  11:01  Drone  
  65  11:04  Overlord, Drone  
  65  11:06  Corruptor  
  68  11:11  Drone  
  68  11:13  Drone  
  68  11:15  Drone  
  68  11:17  Infestor, Drone  
  73  11:18  Drone  
  73  11:22  Drone  
  73  11:24  Overlord  
  75  11:26  Drone  
  75  11:28  Drone  
  75  11:30  Drone  
  75  11:31  Drone  
  79  11:33  Drone  
  79  11:37  Drone  
  79  11:39  Drone  
  82  11:42  Drone  
  82  11:45  Overlord  
  83  11:47  Muscular Augments  
  83  11:51  Zerg Melee Weapons Level 2  
  83  11:57  Zerg Ground Armor Level 2  
  83  11:59  Brood Lord x2  
  83  12:00  Brood Lord, Corruptor  
  91  12:08  Overlord  
  90  12:11  Corruptor  
  88  12:21  Drone  
  88  12:22  Zergling x2  
  81  12:32  Corruptor  
  81  12:33  Drone  
  81  12:34  Drone x2  
  81  12:36  Pathogen Glands  
  83  12:42  Infestor  
  83  12:45  Roach  
  83  12:48  Roach  
  87  12:52  Brood Lord  
  87  12:54  Hatchery  
  87  12:56  Hydralisk  
  90  13:00  Roach  
  90  13:04  Roach  
  94  13:15  Overlord  
  94  13:17  Roach, Ravager  
  97  13:20  Ravager  
  97  13:21  Roach  
  97  13:24  Hydralisk  
  102  13:32  Hydralisk  
  104  13:34  Overlord  
  104  13:36  Roach  
  104  13:38  Roach  
  108  13:41  Roach  
  108  13:44  Roach  
  112  13:50  Roach, Ravager x2  
  112  13:52  Overlord  
  112  13:53  Roach  
  118  14:01  Ravager  
  119  14:04  Roach  
  119  14:05  Drone  
  119  14:09  Hydralisk  
  122  14:12  Overlord  
  122  14:16  Hydralisk  
  122  14:17  Hatchery  
  125  14:19  Drone  
  125  14:21  Hydralisk  
  128  14:31  Zerg Missile Weapons Level 2  
  128  14:38  Glial Reconstitution  
  128  14:44  Zerg Flyer Weapons Level 1  
  128  15:14  Spine Crawler  
  128  15:18  Spine Crawler  
  128  15:20  Spore Crawler  
  125  15:21  Spore Crawler  
  125  15:23  Queen  
  125  15:27  Queen  
  128  15:30  Drone  
  128  15:32  Drone  
  128  15:33  Drone  
  128  15:35  Drone  
  132  15:37  Extractor, Drone  
  132  15:41  Extractor, Drone  
  132  15:42  Spore Crawler  
  131  15:44  Drone  
  131  15:48  Spine Crawler  
  131  15:49  Drone  
  132  15:50  Roach, Overlord  
  132  15:53  Roach  
  132  15:56  Roach  
  138  15:59  Roach  
  138  16:02  Roach  
  142  16:05  Roach  
  142  16:08  Roach  
  142  16:09  Overlord  
  142  16:10  Roach  
  148  16:13  Hydralisk  
  148  16:15  Hydralisk  
  152  16:18  Infestor  
  152  16:23  Spine Crawler  
  152  16:24  Drone  
  154  16:25  Spore Crawler  
  154  16:27  Drone  
  154  16:28  Overlord  
  154  16:32  Queen  
  154  16:37  Queen  
  154  16:39  Zergling x2  
  158  16:42  Roach  
  158  16:45  Roach  
  158  16:47  Overlord, Hydralisk  
  149  16:50  Hydralisk  
  149  16:53  Hydralisk  
  145  16:56  Hydralisk  
  145  17:01  Spine Crawler  
  145  17:03  Drone  
  141  17:11  Roach  
  141  17:14  Roach, Spine Crawler  
  144  17:16  Drone  
Tags
 
Composition
MMM Bio
Matchup
TvZ
Opening
Pool First
Add a new tag
Caveats
  • Supply blocks, unpowered buildings, or Contaminate may cause inaccurate times.
  • Supply counts are checked every 10 seconds.